 Dungeon Crawl Stone Soup version 0.14-a0-226-gcf818b1 (webtiles) character file.

3926 4tharraofdagon the Cleaver (level 10, -4/61 HPs)
             Began as a Tengu Berserker on Oct 10, 2013.
             Was a Believer of Trog.
             Killed from afar by an orc sorcerer (24 damage)
             ... with a bolt of fire
             ... on Level 4 of the Orcish Mines.
             The game lasted 00:14:53 (2318 turns).

4tharraofdagon the Cleaver (Tengu Berserker)        Turns: 2318, Time: 00:14:53

HP  -4/61        AC 13     Str 21      XL: 10   Next:  7%
MP  17/20        EV 12     Int  8      God: Trog [**....]
Gold 419         SH  0     Dex 18      Spells:  0 memorised,  9 levels left

Res.Fire  : . . .   See Invis. : .   w - +0,+1 orc hand axe
Res.Cold  : . . .   Warding    : .   v - +0 orc plate armour (curse)
Life Prot.: . . .   Conserve   : .   (no shield)
Res.Poison: .       Res.Corr.  : .   (helmet restricted)
Res.Elec. : .       Clarity    : .   (no cloak)
Sust.Abil.: . .     Spirit.Shd : .   (no gloves)
Res.Mut.  : .       Stasis     : .   (boots unavailable)
Res.Rott. : .       Flight     : +   (no amulet)
Saprovore : . . .                    (no ring)
                                     (no ring)

@: regenerating, exhausted, agile, flying, slowed, very slow, very resistant to
hostile enchantments, extremely unstealthy
A: able to fly, beak, talons 3
a: Burn Spellbooks, Berserk, Trog's Hand, Renounce Religion


You were on level 4 of the Orcish Mines.
You worshipped Trog.
Trog was pleased with you.
You were near starving.

You visited 2 branches of the dungeon, and saw 10 of its levels.

You collected 399 gold pieces.

Inventory:

Hand weapons
 d - a +1,+0 dwarven hand axe
 n - a +3,+3 flail of protection
 w - a +0,+1 orcish hand axe (weapon)
Missiles
 j - 19 exploding darts (quivered)
 u - 2 tomahawks
Armour
 l - a +0 troll hide
 v - a cursed +0 orcish plate armour (worn)
Comestibles
 a - 4 chunks of orc flesh
 b - a chunk of troll flesh
 c - a bread ration
 i - 2 meat rations
 m - a chunk of goblin flesh
Scrolls
 f - a scroll of remove curse
 g - a scroll of identify
 k - 2 scrolls of curse weapon
 p - a scroll of fog
 s - a scroll of recharging
Jewellery
 h - an uncursed ring of teleportation
Potions
 o - 2 potions of agility
Magical staves
 r - an uncursed staff of power


   Skills:
 + Level 7.2 Fighting
 * Level 10.5 Axes
 + Level 7.4 Armour
 - Level 2.1 Dodging
 + Level 5.5 Evocations


You had 9 spell levels left.
You didn't know any spells.

Dungeon Overview and Level Annotations

Branches:
Dungeon (6/27)                Orc (4/4) D:6
 Temple: D:4-7          Elf: Orc:3-4

Altars:
Cheibriados
Okawaru
Vehumet

Shops:
D:6 (   Orc:4 *

Annotations:
Orc:1 4tharraofdagon's ghost, experienced OgBe
Orc:3 Donald


Innate Abilities, Weirdness & Mutations

You can fly.
You have a beak for a mouth.
You have claws for feet.


Message History

An orc warrior comes into view. It is wielding an orcish war axe.
The orc warrior shouts!
An orc sorcerer comes into view. It is wielding an orcish dagger.
The orc sorcerer shouts!
An orc warrior comes into view. It is wielding an orcish glaive.
The orc warrior shouts!
An orc warrior comes into view. It is wielding an orcish long sword.
The orc warrior shouts!
A goblin comes into view.
The goblin shouts!
An orc comes into view.
The orc shouts!
An orc comes into view. It is wielding an orcish club.
The orc shouts!
An orc comes into view.
The orc shouts!
The orc warrior closely misses you.
The orc sorcerer gestures at you while chanting.
The bolt of fire hits you!
You die...

... .........
.....$.....
....f.f.....$
...............
.......f.......
......o8.......
...f...o....o.oo.
...g...o@........
.......o.o...f..#
..f..o......f..
........f......
.....ff.fff.##.
..........##
...#.##### ####


You could see 5 orc warriors, an orc sorcerer, 3 orcs and a goblin.

Vanquished Creatures
  An orc knight (Orc:4)
  A troll (Orc:2)
  Grinder (D:3)
  A wraith (D:6)
  A hungry ghost (D:6)
  Edmund (D:5)
  A sky beast (D:6)
  3 phantoms (D:6)
  5 orc warriors
  3 ogres
  A giant frog (D:6)
  Blork the orc (D:5)
  3 wargs (Orc:4)
  A troll zombie (D:6)
  A hound (D:5)
  3 crimson imps (D:6)
  6 orc priests
  2 iguanas
  A centaur skeleton (D:5)
  3 orc wizards
  2 scorpions
  6 ogre zombies (D:6)
  2 adders
  2 giant geckos (D:3)
  27 orcs
  4 bats
  A bat zombie (D:5)
  6 goblins
  3 hobgoblins
  2 jackals (D:3)
  A ball python (D:1)
  2 goblin skeletons (D:6)
  4 goblin zombies (D:6)
  A hobgoblin skeleton (D:5)
  4 hobgoblin zombies (D:6)
  7 kobolds
  2 orc skeletons (D:6)
  12 orc zombies (D:6)
  2 rats
130 creatures vanquished.

Notes
Turn   | Place    | Note
--------------------------------------------------------------
     0 | D:1      | 4tharraofdagon, the Tengu Berserker, began the quest for the Orb.
     0 | D:1      | Reached XP level 1. HP: 14/14 MP: 0/0
     6 | D:1      | Noticed a black mamba
     6 | D:1      | Noticed a komodo dragon
     6 | D:1      | Noticed a grizzly bear
     6 | D:1      | Noticed a worker ant
     6 | D:1      | Noticed a swamp drake
   172 | D:3      | Reached XP level 2. HP: 17/19 MP: 2/2
   248 | D:3      | Found a snail-covered altar of Cheibriados.
   370 | D:3      | Reached XP level 3. HP: 5/24 MP: 3/3
   374 | D:3      | Paralysed by a potion of paralysis for 6 turns
   381 | D:3      | Acquired Trog's second power
   534 | D:3      | JacquesDerrida: bird the chopper? really?
   598 | D:3      | 4tharraofdagon: chop chop
   635 | D:3      | Noticed Grinder
   637 | D:3      | JacquesDerrida: jokes on them!
   642 | D:3      | Killed Grinder
   642 | D:3      | Reached skill level 4 in Fighting
   642 | D:3      | Reached skill level 5 in Axes
   642 | D:3      | Reached XP level 4. HP: 25/29 MP: 4/4
   642 | D:3      | Reached XP level 5. HP: 28/33 MP: 6/6
   642 | D:3      | Reached XP level 6. HP: 33/39 MP: 7/7
   764 | D:5      | Entered Level 5 of the Dungeon
   791 | D:5      | Noticed Edmund
   807 | D:5      | Killed Edmund
   807 | D:5      | Reached skill level 6 in Axes
   807 | D:5      | Reached XP level 7. HP: 23/44 MP: 8/8
   899 | D:5      | Found an iron altar of Okawaru.
   899 | D:5      | Found a radiant altar of Vehumet.
   921 | D:5      | Noticed Blork the orc
   936 | D:5      | Killed Blork the orc
   995 | D:5      | Reached skill level 5 in Fighting
  1106 | D:6      | Found Millir's Weapon Emporium.
  1123 | D:6      | JacquesDerrida: time to go reanimator
  1161 | D:6      | Reached skill level 7 in Axes
  1220 | D:6      | Reached skill level 1 in Evocations
  1272 | D:6      | Reached skill level 5 in Armour
  1272 | D:6      | Reached XP level 8. HP: 37/49 MP: 11/11
  1380 | D:6      | Found a staircase to the Orcish Mines.
  1380 | D:6      | Noticed a hungry ghost
  1381 | D:6      | Noticed a wraith
  1396 | D:6      | Killed a hungry ghost
  1400 | D:6      | Killed a wraith
  1400 | D:6      | Reached skill level 8 in Axes
  1732 | D:6      | Reached XP level 9. HP: 49/54 MP: 16/16
  1835 | D:6      | Reached skill level 9 in Axes
  1870 | Orc:1    | Entered Level 1 of the Orcish Mines
  2133 | Orc:1    | Noticed 4tharraofdagon's ghost (experienced OgBe)
  2141 | Orc:1    | ZoFy: arraception
  2285 | Orc:3    | Noticed Donald
  2288 | Orc:4    | Entered Level 4 of the Orcish Mines
  2288 | Orc:4    | Noticed an orc knight
  2299 | Orc:4    | Noticed an orc knight
  2304 | Orc:4    | Killed an orc knight
  2304 | Orc:4    | Reached skill level 10 in Axes
  2304 | Orc:4    | Reached skill level 5 in Evocations
  2305 | Orc:4    | Reached XP level 10. HP: 40/60 MP: 19/19
  2318 | Orc:4    | Found Ikam's General Store.
  2318 | Orc:4    | Noticed an orc sorcerer
  2318 | Orc:4    | Killed from afar by an orc sorcerer

Action                   |  1- 3 |  4- 6 |  7- 9 | 10-12 || total
-------------------------+-------+-------+-------+-------++-------
Melee: Hand axe          |    35 |    24 |   273 |    10 ||   342
Invok: Berserk           |     3 |     2 |    10 |       ||    15
       Trog's Hand       |     1 |     2 |    14 |     1 ||    18
 Abil: Fly               |       |       |       |     1 ||     1
  Use: Potion            |     1 |       |     1 |       ||     2
       Scroll            |       |       |     4 |     1 ||     5
